 Dungeon Crawl Stone Soup version 0.31-a0-95-g6fa058ef04 (webtiles) character file.

Game seed: 9235703062291705116

389 Mammute the Cutter (level 6, -10/47 HPs)
             Began as a Merfolk Gladiator on May 25, 2023.
             Mangled by an ogre
             ... wielding a +0 giant spiked club
              (20 damage)
             ... on level 4 of the Dungeon.
             The game lasted 00:46:17 (3700 turns).

Mammute the Cutter (Merfolk Gladiator)              Turns: 3700, Time: 00:46:17

Health: -10/47     AC:  9    Str: 17    XL:     6   Next: 79%
Magic:  6/6        EV:  9    Int: 13    God:
Gold:   232        SH:  0    Dex: 15    Spells: 5/5 levels left

rFire   . . .        a - +0 rapier
rCold   . . .        (no shield)
rNeg    . . .        G - +0 chain mail
rPois   .            c - +0 helmet
rElec   .            (no cloak)
rCorr   .            (no gloves)
SInv    .            (no boots)
Will    .....        (no amulet) Stlth
                     E - +6 ring of intelligence
HPRegen 0.27/turn    (no ring)
MPRegen 0.10/turn

%: no passive effects
@: weak-willed, invisible
A: (nimble swimmer 2), mertail
a: no special abilities


You were on level 4 of the Dungeon.
You visited 1 branch of the dungeon, and saw 5 of its levels.

You collected 232 gold pieces.

Inventory:

Hand Weapons
 a - a +0 rapier (weapon)
 t - a +0 short sword
 u - a +0 dagger
 v - a +0 hand axe
 x - a +0 dagger
 y - a +0 dagger
 A - a +0 dagger
 F - a +0 giant spiked club
 I - a +0 hand axe
Missiles
 d - 3 throwing nets
 e - a javelin
 f - 20 stones
 B - 6 curare-tipped darts (quivered)
Armour
 b - a +0 leather armour
 c - a +0 helmet (worn)
 g - a +0 leather armour
 r - a +0 ring mail
 s - a +0 scale mail
 z - a +0 leather armour
 G - a +0 chain mail (worn)
 H - a +0 buckler
Magical Staves
 D - a staff of conjuration
Jewellery
 E - a +6 ring of intelligence (left hand)
Scrolls
 i - a scroll of identify
 j - a scroll of fear
 l - a scroll of amnesia
Potions
 n - 2 potions of degeneration
 q - 3 potions of brilliance


   Skills:
 + Level 3.3 Fighting
 + Level 6.2 Short Blades
 + Level 2.1 Throwing
 + Level 2.1 Armour
 + Level 5.5 Dodging
 + Level 1.1 Stealth
 + Level 0.4 Evocations


You had 5 spell levels left.
You didn't know any spells.
Your spell library contained the following spells:

 Spells                   Type           Power      Damage    Failure   Level
 Ensorcelled Hibernation  Hex/Ice        0%         N/A       99%         2
 Ignite Poison            Fire/Tmut/Pois 0%         N/A       100%        3
 Spider Form              Tmut/Pois      0%         N/A       100%        3
 Anguish                  Hex/Necr       0%         N/A       100%        4
 Sticky Flame             Conj/Fire      0%         2d3       100%        4
 Ignition                 Fire           0%         3d3       100%        8


Dungeon Overview and Level Annotations

Branches:
Dungeon (5/15)
 Temple: D:4-7

Altars:
Dithmenos
Okawaru
Uskayaw
Yredelemnul

Shops:
D:3 [?*


Innate Abilities, Weirdness & Mutations

((You are very nimble when in or above water. (Stealth+, EV+, Speed+++)))
Your lower body shifts to a powerful aquatic tail in water.


Message History

h - 2 potions of curing The iguana bites you!
* * * LOW HITPOINT WARNING * * *
You feel better.
The iguana bites you but does no damage.
You feel better. The iguana barely misses you.
As you read the scroll of identify, it crumbles to dust.
n - 2 potions of degeneration The iguana closely misses you.
As you read the scroll labelled UJUGUE EMAPYVO, it crumbles to dust.
You hear a loud clanging noise!
It was a scroll of noise.
The iguana barely misses you.
As you read the scroll labelled ODWAHE QUELATZI, it crumbles to dust.
Magic quickly surges around you.
It was a scroll of vulnerability.
The iguana barely misses you.
As you read the scroll labelled YBOORCH IDAPLEO, it crumbles to dust.
You feel aware of your surroundings.
It was a scroll of magic mapping.
The iguana barely misses you.
You feel clever.
E - a +6 ring of intelligence (left hand)
The iguana barely misses you.
You hit the iguana. You punch the iguana, but do no damage.
The iguana is lightly wounded.
The iguana bites you!
* * * LOW HITPOINT WARNING * * *
You hit the iguana.
The iguana is heavily wounded.
The iguana bites you.
* * * LOW HITPOINT WARNING * * *
You hit the iguana but do no damage.
The iguana is heavily wounded.
The iguana barely misses you.
You hit the iguana but do no damage.
The iguana is heavily wounded.
You catch the helpless iguana completely off-guard!
You puncture the iguana!
You kill the iguana!
You hit the ogre but do no damage.
The ogre hits you with a +0 giant spiked club!!
You die...

******#.............#
##....####....## ##.##........#..
###..#######...... ##...##
#.#.#.. #..### *####.#.#..
#########.## ##.....#....
#..........#####..#####....
#.........@OW....#####.....
#..........#####...>.......
#..........# ###.........
#..........######..........
#######..........................
.........#.#.....##....##........
...........#.>......####........<
.........###...#########.........
.................................


You could see an ogre (unable to see you, weak-willed) and a phantom (unable to
see you, weak-willed).

Vanquished Creatures
  An ogre (D:4)
  A phantom (D:4)
  A bullfrog (D:5)
  A jelly (D:5)
  An iguana (D:4)
  3 adders
  A shadow imp (D:5)
  An ufetubus (D:3)
  A worm (D:4)
  3 dart slugs
  2 orcs
  6 bats
  4 endoplasms
  3 giant cockroaches
  4 goblins
  4 hobgoblins
  16 jackals
  A quokka (D:2)
  6 ball pythons
  3 frilled lizards
  2 kobolds (D:2)
  3 rats
68 creatures vanquished.

Notes
Turn   | Place    | Note
-------+----------+-------------------------------------------
     0 | D:1      | Mammute the Merfolk Gladiator began the quest for the Orb.
     0 | D:1      | Reached XP level 1. HP: 16/16 MP: 1/1
   329 | D:1      | Reached XP level 2. HP: 22/22 MP: 2/2
   369 | D:1      | Reached skill level 4 in Short Blades
   704 | D:2      | Found a hide-covered altar of Uskayaw.
  1024 | D:3      | Reached XP level 3. HP: 17/28 MP: 3/3
  1467 | D:3      | Found Duaxios's Armour Boutique.
  1552 | D:3      | Found a basalt altar of Yredelemnul.
  1644 | D:3      | Found Iqymuele's Magic Scroll Emporium.
  1803 | D:2      | Reached skill level 5 in Dodging
  1806 | D:2      | Reached XP level 4. HP: 32/34 MP: 4/4
  2101 | D:2      | Found a faded altar of an unknown god.
  2558 | D:3      | Found Taenuo's General Store.
  2891 | D:4      | Found a shadowy altar of Dithmenos.
  2895 | D:4      | Found an iron altar of Okawaru.
  2928 | D:4      | Reached skill level 1 in Armour
  2965 | D:4      | Noticed a phantom
  2993 | D:4      | Noticed an ogre
  3005 | D:4      | Killed an ogre
  3006 | D:4      | Reached skill level 5 in Short Blades
  3006 | D:4      | Reached XP level 5. HP: 21/41 MP: 5/5
  3009 | D:4      | Killed a phantom
  3010 | D:4      | Reached XP level 6. HP: 18/47 MP: 6/6
  3462 | D:5      | Entered Level 5 of the Dungeon
  3478 | D:5      | Reached skill level 1 in Stealth
  3507 | D:5      | Reached skill level 6 in Short Blades
  3614 | D:5      | Found a hide-covered altar of Uskayaw.
  3687 | D:4      | HP: 1/47 [iguana (10)]
  3700 | D:4      | Mangled by an ogre

Illustrated notes

Levels and vault maps discovered:
D:1:      dpeg_arrival_short_road, layout_basic, serial_bayou_ford_a,
          chequers_garden
D:2:      layout_basic, basic_altar, ebering_ecumenical_altar_sacrificial
D:3:      layout_loops_ring, mainiacjoe_overflow_alcove_4, serial_shops, shop,
          shop_statue, shop, st_stairs_12, uniq_crazy_yiuf_cottage
D:4:      layout_rooms, mainiacjoe_overflow_catwalk_spiral
D:5:      layout_basic, evilmike_ruin_ashenzari, eat_drink_and_be_merry_uskayaw,
          nicolae_ossuary_entry_catacombs, chequers_arboretum,
          due_unseen_surprise

Skill      XL: |  1  2  3  4  5  6 |
---------------+-------------------+-----
Short Blades   | 4 5 6 |  6.2
Dodging        | 5 |  5.5
Armour         | 1 2 |  2.1
Fighting       | 3 |  3.3
Stealth        | 1 |  1.1
Throwing       | |  2.1
Evocations     | |  0.4

Action                     |  1- 3 |  4- 6 || total
---------------------------+-------+-------++-------
  Melee: Rapier            |   138 |   146 ||   284
         Punch             |     1 |     2 ||     3
  Evoke: Wand              |     1 |     6 ||     7
    Use: Scroll            |       |    11 ||    11
         Potion            |       |     4 ||     4
   Stab: Invisible         |       |     1 ||     1
 Armour: Leather armour    |    43 |       ||    43
         Ring mail         |    16 |    30 ||    46
         Chain mail        |       |    45 ||    45
  Dodge: Dodged            |   127 |   108 ||   235

Table legend: (Time is in decaauts)
 A = Elapsed time spent in this place.
 B = Non-inter-level travel time spent in this place.
 C = Inter-level travel time spent in this place.
 D = Time resting spent in this place.
 E = Time spent auto-exploring this place.
 F = Levels seen in this place.
 G = Mean time per level.
                   A        B        C        D        E       F      G
               +--------+--------+--------+--------+--------+-----+--------+
         Total |   3681 |   1026 |   2655 |      0 |      0 |   5 |  736.2 |
       Dungeon |   3681 |   1026 |   2655 |      0 |      0 |   5 |  736.2 |
               +--------+--------+--------+--------+--------+-----+--------+

Top non-repeatable levels by time:
     D:3: 1183 daAuts
     D:2: 1000 daAuts
     D:1: 701 daAuts
     D:4: 612 daAuts
     D:5: 183 daAuts
